 Dungeon Crawl Stone Soup version 0.26-a0-812-g31a745ddcd (webtiles) character file.

Game seed: 11308619536355024682

453 kae the Insei (level 7, 0/40 HPs)
             Began as a Tengu Transmuter on Nov 17, 2020.
             Slain by a wyvern (17 damage)
             ... on level 4 of the Dungeon.
             The game lasted 00:04:06 (5650 turns).

kae the Insei (Tengu Transmuter)                    Turns: 5650, Time: 00:04:06

Health: 0/40       AC:  2    Str: 13    XL:     7   Next: 5%
Magic:  10/11      EV: 24    Int: 13    God:
Gold:   134        SH:  0    Dex: 19    Spells: 6/10 levels left

rFire    . . .     SeeInvis .     - Unarmed
rCold    . . .     Faith    .   (shield currently unavailable)
rNeg     . . .     Spirit   .   (armour currently unavailable)
rPois    x         Reflect  .   (helmet currently unavailable)
rElec    .         Harm     .   (cloak currently unavailable)
rCorr    .         Rampage  .   (gloves currently unavailable)
MR       .....                  (boots unavailable)
Stlth    ++........             k - amulet of magic regeneration
HPRegen  0.13/turn              (no ring)
MPRegen  0.37/turn              (no ring)

@: spider-form, flying quickly and evasively, quick
A: tiny, able to fly
a: Stop Flying, End Transformation


You were on level 4 of the Dungeon.
You were a venomous arachnid creature.
You visited 1 branch of the dungeon, and saw 4 of its levels.
You also visited: Sewer.

You collected 134 gold pieces.

Inventory:

Armour
 a - a +0 robe (melded)
 j - a +0 cloak (melded)
Jewellery
 k - an amulet of magic regeneration (around neck)
Scrolls
 e - a scroll of remove curse
 i - 2 scrolls of teleportation
Potions
 b - 3 potions of might
 c - 5 potions of attraction
 d - a potion of degeneration
 f - a potion of haste
 g - 2 potions of flight {unknown}
 h - 2 potions of heal wounds {unknown}


   Skills:
 + Level 2.1 Fighting
 - Level 2.1 Dodging
 + Level 5.3 Unarmed Combat
 - Level 2.0 Spellcasting
 * Level 4.9 Transmutations


You had 6 spell levels left.
You knew the following spells:

 Your Spells              Type           Power        Failure   Level
a - Beastly Appendage     Tmut           ##....       12%         1
b - Spider Form           Tmut/Pois      #.........   50%         3

Your spell library contained the following spells:

 Spells                   Type           Power        Failure   Level
 Wereblood                Tmut           ##......     16%         2
 Ice Form                 Ice/Tmut       #.......     85%         4
 Blade Hands              Tmut           ##........   85%         5


Dungeon Overview and Level Annotations

Branches:
Dungeon (4/15)              Sewer (visited)
 Temple: D:4-7

Altars:

Annotations:
D:3 exclusion: orc priest


Innate Abilities, Weirdness & Mutations

((You have a beak for a mouth.))
((You have claws for feet.))
You can fly continuously.


Message History

The spell is quite dangerous to cast (28% risk of failure)!
Continue anyway?
You turn into a venomous arachnid creature.
Your +0 cloak melds into your body.
Your +0 robe melds into your body.
The wyvern bites you!
You hit the wyvern.
The wyvern is moderately wounded.
The wyvern misses you. The wyvern completely misses you.
You bite the wyvern!
The wyvern is poisoned.
The wyvern is heavily wounded.
The wyvern bites you.
You barely miss the wyvern.
The wyvern is severely wounded.
The wyvern bites you!
You barely miss the wyvern.
The wyvern is severely wounded.
The wyvern closely misses you. x2
You barely miss the wyvern.
The wyvern is severely wounded.
The wyvern bites you!
You die...

############ #.# #.# #.#
#.# # . #.### ## #..
#.#.### ##.
.....#########.....###..
......ls.............+..
#..>###########....###..
# ##........ ##..###.#
#####..# #.# #......#
#.# #.###.## #.# #<# #.
#.# #.# #. ..#


You could see a wyvern (very poisoned).

Vanquished Creatures
  A big kobold (Sewer)
  A scorpion (D:4)
  2 orc priests
  An orc wizard (D:3)
  Terence (D:2)
  2 worker ants (D:4)
  3 gnolls (D:3)
  2 adders
  4 river rats (Sewer)
  2 worms
  15 orcs
  A ball python (D:4)
  6 bats
  A giant cockroach (D:1)
  7 goblins
  10 hobgoblins
  10 jackals
  A quokka (D:2)
  6 frilled lizards
  4 kobolds
  A leopard gecko skeleton (D:4)
  4 rats
85 creatures vanquished.

Notes
Turn   | Place    | Note
-------+----------+-------------------------------------------
     0 | D:1      | kae the Tengu Transmuter began the quest for the Orb.
     0 | D:1      | Reached XP level 1. HP: 12/12 MP: 4/4
   131 | D:1      | Reached XP level 2. HP: 14/16 MP: 6/6
   843 | D:2      | Reached XP level 3. HP: 8/20 MP: 7/7
  1149 | D:2      | Noticed Terence
  1158 | D:2      | Learned a level 3 spell: Spider Form
  1174 | D:2      | Killed Terence
  1482 | D:2      | Reached skill level 4 in Unarmed Combat
  1719 | D:2      | Reached XP level 4. HP: 20/25 MP: 6/8
  2937 | D:3      | Gained mutation: You can fly continuously. [Tengu growth]
  2937 | D:3      | Reached XP level 5. HP: 4/29 MP: 3/9
  4561 | D:4      | Reached XP level 6. HP: 31/34 MP: 10/10
  4659 | D:4      | Reached skill level 5 in Unarmed Combat
  4835 | D:4      | Found a glowing drain.
  4869 | D:4      | HP: 1/34 [poisoned by an adder]
  4959 | Sewer    | Entered a sewer
  5287 | Sewer    | Reached XP level 7. HP: 10/40 MP: 11/11
  5531 | Sewer    | Found a white marble altar of Elyvilon.
  5642 | D:4      | Noticed a wyvern
  5650 | D:4      | Slain by a wyvern

Illustrated notes

Levels and vault maps discovered:
D:1:      minmay_arrival_plants_in_alcoves, layout_basic
D:2:      layout_basic, serial_bayou_lagoon_b, uniq_terence
D:3:      layout_basic
D:4:      lemuel_upstairs_altar, layout_loops_corners, portal_sewer_entry_d

Skill      XL: |  1  2  3  4  5  6 |
---------------+-------------------+-----
Transmutations | 2 3 4 |  4.9
Unarmed Combat | 4 5 |  5.3
Fighting       | 2 |  2.1
Dodging        | |  2.1
Spellcasting   | |  2.0

Action                   |  1- 3 |  4- 6 |  7- 9 || total
-------------------------+-------+-------+-------++-------
Melee: Unarmed           |    68 |   176 |     9 ||   253
       Headbutt          |     6 |     5 |     1 ||    12
       Peck              |     7 |     7 |     1 ||    15
       Kick              |    13 |    14 |     1 ||    28
       Punch             |       |     2 |       ||     2
 Cast: Beastly Appendage |    13 |    13 |     2 ||    28
       Spider Form       |     1 |    11 |     1 ||    13
 Abil: Fly               |       |     1 |       ||     1
  Use: Scroll            |     6 |     3 |       ||     9
       Potion            |       |     2 |       ||     2
 Stab: Sleeping          |     2 |     2 |       ||     4
Armor: Robe              |     9 |    23 |     2 ||    34
       Skin              |     1 |     4 |       ||     5
Dodge: Dodged            |    41 |   153 |     6 ||   200

Table legend: (Time is in decaauts)
 A = Elapsed time spent in this place.
 B = Non-inter-level travel time spent in this place.
 C = Inter-level travel time spent in this place.
 D = Time resting spent in this place.
 E = Time spent auto-exploring this place.
 F = Levels seen in this place.
 G = Mean time per level.
                   A        B        C        D        E       F      G
               +--------+--------+--------+--------+--------+-----+--------+
         Total |   5535 |   5357 |    178 |   1391 |   3139 |   5 | 1107.0 |
       Dungeon |   4942 |   4764 |    178 |    944 |   3065 |   4 | 1235.5 |
         Sewer |    592 |    592 |      0 |    447 |     74 |   1 |  592.0 |
               +--------+--------+--------+--------+--------+-----+--------+

Top non-repeatable levels by time:
     D:2: 2426 daAuts
     D:3: 1147 daAuts
     D:1: 815 daAuts
   Sewer: 592 daAuts
     D:4: 553 daAuts
